TOP OF THE 1ST |
Detroit (APP) Tigers batting - Pitching for Great Falls Voyagers : RHP Allen Speidel
|
Pitching: RHP Allen Speidel
|
|
Batting: RHB Jon Goldstein
|
0-0: Ball 1-0: Ball 2-0: Ball 3-0: Called Strike 3-1: Called Strike 3-2: Strikes out swinging
|
Batting: RHB Adam MacConnell
|
0-0: Called Strike 0-1: Ball 1-1: Ball 2-1: Swinging Strike 2-2: Foul Ball, location: 2F 2-2: Strikes out swinging
|
Batting: RHB Keith Hoffman
|
0-0: Ball 1-0: Ball 2-0: SINGLE (Groundball, 34D, EV 100.0 MPH)
|
Batting: LHB Bill Ford
|
0-0: Called Strike 0-1: Called Strike 0-2: Foul Ball, location: 2F 0-2: Ball Wild Pitch! Keith Hoffman to second 1-2: Ball 2-2: Ball 3-2: Base on Balls
|
Batting: RHB Mike Sebastian
|
0-0: Ball 1-0: Called Strike 1-1: Ground out 6-3 (Groundball, 4MS, EV 80.0 MPH)
|
Top of the 1st over - 0 runs, 1 hit, 0 errors, 2 left on base; Detroit (APP) 0 - Great Falls 0 |
BOTTOM OF THE 1ST |
Great Falls Voyagers batting - Pitching for Detroit (APP) Tigers : RHP Alex Amparo
|
Pitching: RHP Alex Amparo
|
|
Batting: RHB Andy Cotton
|
0-0: Called Strike 0-1: Ball 1-1: Foul Ball, location: 2F 1-2: Ball 2-2: Ball 3-2: Base on Balls
|
Batting: RHB Kasey Bland
|
0-0: Ball 1-0: Called Strike 1-1: Called Strike Andy Cotton steals 2nd base (no throw) 1-2: Ball 2-2: Ground out 4-3 (Groundball, 4MS, EV 83.1 MPH) Andy Cotton to third
|
Batting: LHB Josh Pittman
|
0-0: Ball 1-0: Ball 2-0: Ball 3-0: Base on Balls
|
Batting: RHB Vic Lucatero
|
0-0: Called Strike 0-1: Foul Ball, location: 2F 0-2: Fly out, F8 (Flyball, 8LM, EV 82.5 MPH) Runner from 3rd tags up, SCORES, no throw by CF
|
Batting: RHB Josh Newby
|
0-0: Ball 1-0: Called Strike 1-1: Ball 2-1: Ball 3-1: Base on Balls Josh Pittman to second
|
Batting: RHB Duncan Collins
|
0-0: Ball 1-0: Called Strike 1-1: Ball 2-1: Swinging Strike 2-2: Ball 3-2: SINGLE (Groundball, 34D, EV 103.1 MPH) Josh Pittman to third Josh Newby to second Josh Pittman scores Josh Newby to third
|
Batting: LHB Jose Duran
|
0-0: Ground out U3 (Groundball, 3, EV 84.4 MPH)
|
Bottom of the 1st over - 2 runs, 1 hit, 0 errors, 2 left on base; Detroit (APP) 0 - Great Falls 2 |
TOP OF THE 2ND |
Detroit (APP) Tigers batting - Pitching for Great Falls Voyagers : RHP Allen Speidel
|
Batting: SHB Sean Foley
|
0-0: Foul Ball, location: 2F 0-1: Ball 1-1: Called Strike 1-2: Strikes out looking
|
Batting: RHB Jose Evangelista
|
0-0: Ball 1-0: Ball 2-0: Ball 3-0: Called Strike 3-1: Fly out, F5 (Popup, 5S, EV 75.6 MPH)
|
Batting: RHB Willie Ochoa
|
0-0: Ball 1-0: Swinging Strike 1-1: Swinging Strike 1-2: Strikes out swinging
|
Top of the 2nd over - 0 runs, 0 hits, 0 errors, 0 left on base; Detroit (APP) 0 - Great Falls 2 |
BOTTOM OF THE 2ND |
Great Falls Voyagers batting - Pitching for Detroit (APP) Tigers : RHP Alex Amparo
|
Batting: RHB Billy Grubbs
|
0-0: Foul Ball, location: 2F 0-1: Swinging Strike 0-2: Ball 1-2: Ball 2-2: Ball 3-2: Strikes out swinging
|
Batting: RHB Tommy Ellington
|
0-0: Called Strike 0-1: Swinging Strike 0-2: Ball 1-2: Strikes out looking
|
Batting: RHB Andy Cotton
|
0-0: Called Strike 0-1: Ball 1-1: DOUBLE (Line Drive, 7LM, EV 101.2 MPH)
|
Batting: RHB Kasey Bland
|
0-0: Ball 1-0: Foul Ball, location: 2F 1-1: Ball 2-1: Ball 3-1: Base on Balls
|
Batting: LHB Josh Pittman
|
0-0: Ball 1-0: Ball 2-0: Foul Ball, location: 2F 2-1: Ball 3-1: Base on Balls Andy Cotton to third Kasey Bland to second
|
Batting: RHB Vic Lucatero
|
0-0: Foul Ball, location: 2F 0-1: SINGLE (Flyball, 78S, EV 95.6 MPH) Andy Cotton scores Kasey Bland to third Josh Pittman to second Runner from 3rd tries for Home, SAFE, throw by LF to home
|
Batting: RHB Josh Newby
|
0-0: Called Strike 0-1: Foul Ball, location: 2F 0-2: Foul Ball, location: 2F 0-2: Ball 1-2: Ball 2-2: Ball 3-2: Foul Ball, location: 2F 3-2: Base on Balls Josh Pittman to third Vic Lucatero to second
|
Batting: RHB Duncan Collins
|
0-0: Ball 1-0: Fielders Choice at 2nd, 5-4 (Groundball, 5, EV 82.5 MPH)
|
Bottom of the 2nd over - 2 runs, 2 hits, 0 errors, 3 left on base; Detroit (APP) 0 - Great Falls 4 |
TOP OF THE 3RD |
Detroit (APP) Tigers batting - Pitching for Great Falls Voyagers : RHP Allen Speidel
|
Batting: RHB Cory Wilkins
|
0-0: Ball 1-0: Called Strike 1-1: Ball 2-1: DOUBLE (Line Drive, 9LM, EV 93.1 MPH)
|
Batting: RHB Jon Goldstein
|
0-0: Called Strike 0-1: Ball 1-1: Foul Ball, location: 2F 1-2: Fly out, F3 (Popup, 3SF, EV 71.9 MPH)
|
Batting: RHB Adam MacConnell
|
0-0: Foul Ball, location: 2F 0-1: Foul Ball, location: 2F 0-2: Ball 1-2: Ball 2-2: Strikes out swinging
|
Batting: RHB Keith Hoffman
|
0-0: Ball 1-0: Foul Ball, location: 2F 1-1: Ball 2-1: Fly out, F7 (Flyball, 78S, EV 84.4 MPH)
|
Top of the 3rd over - 0 runs, 1 hit, 0 errors, 1 left on base; Detroit (APP) 0 - Great Falls 4 |
BOTTOM OF THE 3RD |
Great Falls Voyagers batting - Pitching for Detroit (APP) Tigers : RHP Alex Amparo
|
Batting: LHB Jose Duran
|
0-0: Called Strike 0-1: Ground out 6-3 (Groundball, 6M, EV 110.6 MPH)
|
Batting: RHB Billy Grubbs
|
0-0: Swinging Strike 0-1: Ball 1-1: Ball 2-1: Ball 3-1: Swinging Strike 3-2: Base on Balls
|
Batting: RHB Tommy Ellington
|
0-0: Called Strike 0-1: Foul Ball, location: 2F 0-2: Ball 1-2: Fly out, F8 (Flyball, 8RXD, EV 103.8 MPH)
|
Batting: RHB Andy Cotton
|
0-0: Called Strike 0-1: Ball Wild Pitch! Billy Grubbs to second 1-1: SINGLE (Line Drive, 7, EV 92.5 MPH) Billy Grubbs to third Throwing error, E7 Billy Grubbs scores Andy Cotton to second
|
Batting: RHB Kasey Bland
|
0-0: Ball 1-0: Swinging Strike 1-1: Ground out 5-3 (Groundball, 5L, EV 90.0 MPH)
|
Bottom of the 3rd over - 1 run, 1 hit, 1 error, 1 left on base; Detroit (APP) 0 - Great Falls 5 |
TOP OF THE 4TH |
Detroit (APP) Tigers batting - Pitching for Great Falls Voyagers : RHP Allen Speidel
|
Batting: LHB Bill Ford
|
0-0: Ball 1-0: Ball 2-0: DOUBLE (Line Drive, 9LS, EV 106.2 MPH)
|
Batting: RHB Mike Sebastian
|
0-0: Ball 1-0: Swinging Strike 1-1: Ball 2-1: Ball 3-1: TRIPLE (Line Drive, 89XD, EV 113.1 MPH) Bill Ford scores
|
Batting: SHB Sean Foley
|
0-0: Ball 1-0: Swinging Strike 1-1: Ball 2-1: Swinging Strike 2-2: Strikes out looking
|
Batting: RHB Jose Evangelista
|
0-0: Ball 1-0: Swinging Strike 1-1: Foul Ball, location: 2F 1-2: Strikes out looking
|
Batting: RHB Willie Ochoa
|
0-0: Foul Ball, location: 2F 0-1: Swinging Strike 0-2: Strikes out swinging
|
Top of the 4th over - 1 run, 2 hits, 0 errors, 1 left on base; Detroit (APP) 1 - Great Falls 5 |
BOTTOM OF THE 4TH |
Great Falls Voyagers batting - Pitching for Detroit (APP) Tigers : RHP Alex Amparo
|
Batting: LHB Josh Pittman
|
0-0: Ball 1-0: Swinging Strike 1-1: Called Strike 1-2: Foul Ball, location: 2F 1-2: Ball 2-2: Ground out 5-3 (Groundball, 56S, EV 81.9 MPH)
|
Batting: RHB Vic Lucatero
|
0-0: Ball 1-0: Called Strike 1-1: Ground out 6-3 (Groundball, 4MS, EV 90.0 MPH)
|
Batting: RHB Josh Newby
|
0-0: Swinging Strike 0-1: Ball 1-1: Ball 2-1: Ball 3-1: Called Strike 3-2: Strikes out swinging, 2-3 out at first.
|
Bottom of the 4th over - 0 runs, 0 hits, 0 errors, 0 left on base; Detroit (APP) 1 - Great Falls 5 |
TOP OF THE 5TH |
Detroit (APP) Tigers batting - Pitching for Great Falls Voyagers : RHP Allen Speidel
|
Batting: RHB Cory Wilkins
|
0-0: Called Strike 0-1: Ball 1-1: Ball 2-1: Ball 3-1: Called Strike 3-2: Base on Balls
|
Pitching: LHP Jeremy Soliday
|
|
Batting: RHB Jon Goldstein
|
0-0: Ball 1-0: Ball 2-0: Called Strike 2-1: Foul Ball, location: 2F 2-2: Foul Ball, location: 2F 2-2: Foul Ball, location: 2F 2-2: Foul Ball, location: 2F 2-2: Fly out, F7 (Flyball, 78S, EV 93.8 MPH)
|
Batting: RHB Adam MacConnell
|
0-0: Called Strike 0-1: Ball 1-1: Ball 2-1: Foul Ball, location: 2F 2-2: Ball 3-2: Base on Balls Cory Wilkins to second
|
Batting: RHB Keith Hoffman
|
0-0: Fly out, F9 (Flyball, 9, EV 85.6 MPH)
|
Batting: LHB Bill Ford
|
0-0: Called Strike 0-1: Swinging Strike 0-2: Foul Ball, location: 2F 0-2: Ball 1-2: Ball 2-2: Foul Ball, location: 2F 2-2: Strikes out swinging
|
Top of the 5th over - 0 runs, 0 hits, 0 errors, 2 left on base; Detroit (APP) 1 - Great Falls 5 |
BOTTOM OF THE 5TH |
Great Falls Voyagers batting - Pitching for Detroit (APP) Tigers : RHP Alex Amparo
|
Pitching: RHP Jerome Stady
|
|
Batting: RHB Duncan Collins
|
0-0: Ball 1-0: Foul Ball, location: 2F 1-1: Foul Ball, location: 2F 1-2: Ball 2-2: Foul Ball, location: 2F 2-2: Foul Ball, location: 2F 2-2: Ball 3-2: Fly out, F7 (Flyball, 78M, EV 72.5 MPH)
|
Batting: LHB Jose Duran
|
0-0: Ball 1-0: Called Strike 1-1: Called Strike 1-2: SINGLE (Groundball, 4D, EV 97.5 MPH)
|
Batting: RHB Billy Grubbs
|
0-0: Ball 1-0: Ball 2-0: Ball 3-0: Called Strike 3-1: Base on Balls Jose Duran to second
|
Batting: RHB Tommy Ellington
|
0-0: Foul Ball, location: 2F 0-1: Ball 1-1: Swinging Strike 1-2: Fly out, F5 (Popup, 5SF, EV 81.9 MPH)
|
Batting: RHB Andy Cotton
|
0-0: Ball 1-0: Called Strike 1-1: Ball 2-1: Foul Ball, location: 2F 2-2: SINGLE (Groundball, 13S, EV 70.0 MPH) (infield hit) Jose Duran to third Billy Grubbs to second
|
Batting: RHB Kasey Bland
|
0-0: Called Strike 0-1: Ball 1-1: Foul Ball, location: 2F 1-2: Foul Ball, location: 2F 1-2: Ball 2-2: Foul Ball, location: 2F 2-2: Ball 3-2: Strikes out swinging
|
Bottom of the 5th over - 0 runs, 2 hits, 0 errors, 3 left on base; Detroit (APP) 1 - Great Falls 5 |
TOP OF THE 6TH |
Detroit (APP) Tigers batting - Pitching for Great Falls Voyagers : LHP Jeremy Soliday
|
Batting: RHB Mike Sebastian
|
0-0: Called Strike 0-1: Foul Ball, location: 2F 0-2: SOLO HOME RUN (Flyball, 7D, EV 95.0 MPH), Distance : 380 ft
|
Batting: SHB Sean Foley
|
0-0: Called Strike 0-1: Ball 1-1: Foul Ball, location: 2F 1-2: Ground out 4-3 (Groundball, 34, EV 106.2 MPH)
|
Batting: RHB Jose Evangelista
|
0-0: Ball 1-0: Ball 2-0: Foul Ball, location: 2F 2-1: Ball 3-1: Swinging Strike 3-2: Foul Ball, location: 2F 3-2: Strikes out swinging
|
Batting: RHB Willie Ochoa
|
0-0: Foul Ball, location: 2F 0-1: Ball 1-1: Foul Ball, location: 2F 1-2: SINGLE (Groundball, 4MD, EV 101.2 MPH)
|
Batting: RHB Cory Wilkins
|
0-0: Foul Ball, location: 2F 0-1: Foul Ball, location: 2F 0-2: Ball 1-2: Foul Ball, location: 2F 1-2: Ball 2-2: Foul Ball, location: 2F 2-2: Strikes out swinging
|
Top of the 6th over - 1 run, 2 hits, 0 errors, 1 left on base; Detroit (APP) 2 - Great Falls 5 |
BOTTOM OF THE 6TH |
Great Falls Voyagers batting - Pitching for Detroit (APP) Tigers : RHP Jerome Stady
|
Pitching: RHP Scott King
|
|
Batting: LHB Josh Pittman
|
0-0: Swinging Strike 0-1: Ball 1-1: Swinging Strike 1-2: Foul Ball, location: 2F 1-2: Ball 2-2: Ball 3-2: Base on Balls
|
Batting: RHB Vic Lucatero
|
0-0: Ball 1-0: 2-RUN HOME RUN (Flyball, 78XD, EV 105.0 MPH), Distance : 420 ft
|
Batting: RHB Josh Newby
|
0-0: Ground out 5-3 (Groundball, 56, EV 90.0 MPH)
|
Batting: RHB Duncan Collins
|
0-0: Called Strike 0-1: Ball 1-1: Swinging Strike 1-2: Foul Ball, location: 2F 1-2: Strikes out swinging
|
Batting: LHB Jose Duran
|
0-0: Foul Ball, location: 2F 0-1: Swinging Strike 0-2: Foul Ball, location: 2F 0-2: Strikes out swinging
|
Bottom of the 6th over - 2 runs, 1 hit, 0 errors, 0 left on base; Detroit (APP) 2 - Great Falls 7 |
TOP OF THE 7TH |
Detroit (APP) Tigers batting - Pitching for Great Falls Voyagers : LHP Jeremy Soliday
|
Batting: RHB Jon Goldstein
|
0-0: Ball 1-0: Ball 2-0: Swinging Strike 2-1: Ball 3-1: Base on Balls
|
Pitching: LHP Marty de la Rosa
|
|
Batting: RHB Adam MacConnell
|
0-0: Ball 1-0: Ball 2-0: Fly out, F8 (Flyball, 89S, EV 88.8 MPH)
|
Batting: RHB Keith Hoffman
|
0-0: Ball 1-0: Ball Jon Goldstein steals 2nd base 2-0: SINGLE (Groundball, 6, EV 98.8 MPH) Jon Goldstein to third Runner from 3rd tries for Home, SAFE, throw by CF to home
|
Batting: LHB Bill Ford
|
0-0: Ball 1-0: Foul Ball, location: 2F 1-1: Ball 2-1: Ball 3-1: Called Strike 3-2: Foul Ball, location: 2F 3-2: Base on Balls Keith Hoffman to second
|
Batting: RHB Mike Sebastian
|
0-0: Ball 1-0: Foul Ball, location: 2F 1-1: Foul Ball, location: 2F 1-2: Ball 2-2: Strikes out swinging
|
Batting: SHB Sean Foley
|
0-0: Swinging Strike 0-1: Swinging Strike 0-2: Strikes out swinging
|
Top of the 7th over - 1 run, 1 hit, 0 errors, 2 left on base; Detroit (APP) 3 - Great Falls 7 |
BOTTOM OF THE 7TH |
Great Falls Voyagers batting - Pitching for Detroit (APP) Tigers : RHP Scott King
|
Pitching: RHP Luis Brown
|
|
Batting: RHB Billy Grubbs
|
0-0: Ball 1-0: Ball 2-0: Fly out, F8 (Flyball, 8RD, EV 93.1 MPH)
|
Batting: RHB Tommy Ellington
|
0-0: Called Strike 0-1: Ball 1-1: Called Strike 1-2: Ball 2-2: Ground out 6-3 (Groundball, 6, EV 103.1 MPH)
|
Batting: RHB Andy Cotton
|
0-0: Ball 1-0: Called Strike 1-1: Ball 2-1: Ball 3-1: Foul Ball, location: 2F 3-2: Base on Balls
|
Batting: RHB Kasey Bland
|
0-0: Ball Andy Cotton steals 2nd, throwing error, E2 Andy Cotton to third 1-0: Called Strike 1-1: Foul Ball, location: 2F 1-2: Strikes out swinging
|
Bottom of the 7th over - 0 runs, 0 hits, 1 error, 1 left on base; Detroit (APP) 3 - Great Falls 7 |
TOP OF THE 8TH |
Detroit (APP) Tigers batting - Pitching for Great Falls Voyagers : LHP Marty de la Rosa
|
Now at 1B: Riemer de Jonge
|
|
Now in LF: Andy Cotton
|
|
Now in CF: Josh Newby
|
|
Batting: RHB Jose Evangelista
|
0-0: Swinging Strike 0-1: SINGLE (Groundball, 34D, EV 96.9 MPH)
|
Batting: RHB Willie Ochoa
|
0-0: 2-RUN HOME RUN (Flyball, 7D, EV 96.2 MPH), Distance : 380 ft
|
Batting: RHB Cory Wilkins
|
0-0: Ground out 6-3 (Groundball, 6, EV 83.8 MPH)
|
Batting: RHB Jon Goldstein
|
0-0: Ball 1-0: Swinging Strike 1-1: DOUBLE (Line Drive, 9LS, EV 93.8 MPH)
|
Batting: RHB Adam MacConnell
|
0-0: Foul Ball, location: 2F 0-1: Foul Ball, location: 2F 0-2: Foul Ball, location: 2F 0-2: Ball 1-2: Ground out 6-3 (Groundball, 6, EV 83.8 MPH) Jon Goldstein to third
|
Batting: RHB Keith Hoffman
|
0-0: Called Strike 0-1: Foul Ball, location: 2F 0-2: Ball 1-2: Ball 2-2: Strikes out swinging
|
Top of the 8th over - 2 runs, 3 hits, 0 errors, 1 left on base; Detroit (APP) 5 - Great Falls 7 |
BOTTOM OF THE 8TH |
Great Falls Voyagers batting - Pitching for Detroit (APP) Tigers : RHP Luis Brown
|
Pitching: RHP Kyle Moore
|
|
Batting: RHB Riemer de Jonge
|
0-0: Ball 1-0: Called Strike 1-1: Swinging Strike 1-2: Strikes out swinging
|
Batting: RHB Vic Lucatero
|
0-0: Ball 1-0: Foul Ball, location: 2F 1-1: Ball 2-1: Foul Ball, location: 2F 2-2: Strikes out swinging
|
Batting: RHB Josh Newby
|
0-0: Ball 1-0: Ball 2-0: Ball 3-0: Base on Balls
|
Batting: RHB Duncan Collins
|
0-0: Ball 1-0: Called Strike 1-1: Swinging Strike 1-2: Ball 2-2: Ball 3-2: Foul Ball, location: 2F 3-2: Base on Balls Josh Newby to second
|
Batting: LHB Jose Duran
|
0-0: Ball 1-0: Foul Ball, location: 2F 1-1: Foul Ball, location: 2F 1-2: Strikes out swinging
|
Bottom of the 8th over - 0 runs, 0 hits, 0 errors, 2 left on base; Detroit (APP) 5 - Great Falls 7 |
TOP OF THE 9TH |
Detroit (APP) Tigers batting - Pitching for Great Falls Voyagers : LHP Marty de la Rosa
|
Pitching: RHP Rick Sacket
|
|
Batting: LHB Bill Ford
|
0-0: Called Strike 0-1: Ground out U3 (Groundball, 34, EV 109.4 MPH)
|
Batting: RHB Mike Sebastian
|
0-0: Ball 1-0: Ball 2-0: Ball 3-0: Base on Balls
|
Batting: SHB Sean Foley
|
0-0: Ball 1-0: Ball Wild Pitch! Mike Sebastian to second 2-0: Ground out 5-3 (Groundball, 5, EV 98.8 MPH)
|
Batting: RHB Jose Evangelista
|
0-0: Ball 1-0: Swinging Strike 1-1: Swinging Strike 1-2: Ball 2-2: Strikes out swinging
|
Top of the 9th over - 0 runs, 0 hits, 0 errors, 1 left on base; Detroit (APP) 5 - Great Falls 7 |
|